[Event "Titled Tuesday Blitz June 20 Late 2023"]
[White "Timmermans, Mark"]
[Black "MaryanKyrychenko"]
[WhiteFideId "1026399"]
[WhiteElo "2460"]
[BlackElo "2525"]
[Result "1/2-1/2"]
[Round "4"]
[TimeControl "180+2"]
[Date "2023.06.20"]
[WhiteClock "0:00:20"]
[BlackClock "0:00:04"]
[Board "56"]

1. e4 c5 2. Nf3 d6 3. d4 cxd4 4. Nxd4 Nf6 5. Nc3 g6 6. f3 Bg7 7. Be3 O-O 8. Qd2 Nc6 9. O-O-O d5 10. Qe1 e5 11. Nxc6 bxc6 12. exd5 Nxd5 13. Bc5 Re8 14. Ne4 Qc7 15. g4 Be6 16. h4 h6 17. h5 g5 18. Bc4 Nf4 19. Bd6 Qb6 20. Bb3 Bxb3 21. cxb3 Rad8 22. Kb1 Ne6 23. Ng3 Nd4 24. Bb4 Nxf3 25. Qe4 Rd4 26. Rxd4 Qxd4 27. Rc1 Rb8 28. Ba5 Rb5 29. Bc3 Qxe4+ 30. Nxe4 Rd5 31. Ng3 Nd4 32. Bxd4 Rxd4 33. Rc4 Rxc4 34. bxc4 Bf8 35. Kc2 f6 36. Kd3 Kf7 37. Ke4 Ke6 38. Nf5 a5 39. b3 Kd7 40. Ng3 Ke6 41. Ne2 Bb4 42. Nc1 Bd2 43. Nd3 Bc3 44. a3 Kd6 45. b4 axb4 46. axb4 Bd4 47. Kf5 Kc7 48. Nc1 Bc3 49. Ne2 Bxb4 50. Kxf6 e4 51. Kg6 Kd6 52. Kxh6 Kc5 53. Kxg5 Kxc4 54. h6 Bd2+ 55. Kf5 Bxh6 56. Kxe4 Kc5 57. Kf5 Be3 58. Ke6 Kc4 59. Ke5 Kd3 60. Ng3 c5 61. Ne4 c4 62. Kf5 Kd4 63. Nd6 Kd3 64. g5 Bxg5 65. Nxc4 1/2-1/2


[Site "https://www.chess.com"]

[Event "Titled Tuesday Blitz June 20 Late 2023"]
[White "Mcconnell, Sullivan"]
[Black "Ismagilov, Damir"]
[WhiteFideId "30934885"]
[BlackFideId "34199982"]
[WhiteElo "2704"]
[BlackElo "2104"]
[Result "0-1"]
[Round "4"]
[TimeControl "180+2"]
[Date "2023.06.20"]
[WhiteClock "0:01:00"]
[BlackClock "0:00:25"]
[Board "57"]

1. e4 c5 2. Nc3 e5 3. b3 d6 4. Nf3 Nc6 5. Bb5 g6 6. Nd5 Bg7 7. c3 a6 8. Be2 Nge7 9. Bb2 Nxd5 10. exd5 Ne7 11. c4 O-O 12. Qc2 Bf5 13. d3 Bg4 14. h3 Bxf3 15. Bxf3 Nf5 16. O-O Nd4 17. Qd1 Nxf3+ 18. Qxf3 e4 19. Qe2 exd3 20. Qd2 Bxb2 21. Qxb2 Qg5 22. Rad1 Rae8 23. Rxd3 Re4 24. Rf3 Rfe8 25. Qf6 Qxf6 26. Rxf6 Rd8 27. Rb1 Kg7 28. Rf3 Rde8 29. Rb2 Re1+ 30. Kh2 R8e2 31. Rxe2 Rxe2 32. a4 f5 33. Kg3 Kf6 34. Re3 Rxe3+ 35. fxe3 a5 36. Kf4 g5+ 37. Kf3 Ke5 38. g4 h6 39. gxf5 Kxf5 40. e4+ Kf6 41. Kf2 h5 42. Kf3 Ke5 43. Ke3 g4 44. hxg4 hxg4 45. Kd3 Kf4 46. e5 Kxe5 47. Ke3 b6 48. Kf2 Kf4 49. Kg2 g3 50. Kg1 Kf3 51. Kf1 g2+ 52. Kg1 Kg3 0-1


[Site "https://www.chess.com"]

[Event "Titled Tuesday Blitz June 20 Late 2023"]
[White "Diaz Rosas, Julio Cesar"]
[Black "Makridis, Dimitrios"]
[WhiteFideId "5105099"]
[BlackFideId "25864475"]
[WhiteElo "2284"]
[BlackElo "2277"]
[Result "0-1"]
[Round "4"]
[TimeControl "180+2"]
[Date "2023.06.20"]
[WhiteClock "0:00:05"]
[BlackClock "0:01:48"]
[Board "58"]

1. e4 e6 2. d4 d5 3. e5 c5 4. c3 Nc6 5. Nf3 Qb6 6. Bd3 Bd7 7. O-O cxd4 8. Re1 Nge7 9. h4 h6 10. a3 g5 11. h5 Bg7 12. cxd4 g4 13. Nh2 g3 14. fxg3 Bxe5 15. Nf3 Bxg3 16. Rf1 Nxd4 17. Kh1 Ndf5 18. Nc3 Ne3 19. Na4 Nxd1 20. Nxb6 axb6 21. Rxd1 Nc6 22. Be3 Ne5 23. Bxb6 Nxd3 24. Rxd3 Rc8 25. Bd4 Rg8 26. Be5 Bxe5 27. Nxe5 Rg5 28. Re1 Rc2 29. g4 f6 30. Nf3 Rxg4 31. Rb3 e5 32. Rxb7 Bc6 33. Rh7 d4 34. Rf1 Rg3 0-1


[Site "https://www.chess.com"]

[Event "Titled Tuesday Blitz June 20 Late 2023"]
[White "Petukhov, Dmitry"]
[Black "Cuenca Jimenez, Jose Fernando"]
[WhiteFideId "4142748"]
[BlackFideId "2255570"]
[WhiteElo "2311"]
[BlackElo "2418"]
[Result "0-1"]
[Round "4"]
[TimeControl "180+2"]
[Date "2023.06.20"]
[WhiteClock "0:00:27"]
[BlackClock "0:00:02"]
[Board "59"]

1. e4 d6 2. d4 Nf6 3. Nc3 e5 4. dxe5 dxe5 5. Qxd8+ Kxd8 6. f4 Bb4 7. Bd2 Re8 8. O-O-O c6 9. fxe5 Ng4 10. Nh3 Nxe5 11. a3 Bd6 12. Ng5 f6 13. Nf3 Kc7 14. Bf4 Nbd7 15. Be2 Nd3+ 16. Rxd3 Bxf4+ 17. Kb1 Nc5 18. Rdd1 Nxe4 19. Nxe4 Rxe4 20. Bd3 Re7 21. Bxh7 Bg4 22. Bd3 Rae8 23. h3 Bd7 24. Nh4 g5 25. Ng6 Rg7 26. Nxf4 gxf4 27. Rdf1 Rxg2 28. Rxf4 Re6 29. h4 Rg8 30. h5 Rh8 31. h6 Kd6 32. h7 Ke7 33. Rg1 Kf8 34. Rfg4 Re1+ 35. Ka2 Bxg4 36. Rxe1 f5 37. Re5 Rxh7 38. Bxf5 Rh5 39. Ra5 Rxf5 40. Rxa7 Rf7 41. Ra8+ Ke7 42. Rg8 Be6+ 43. b3 Kd6 44. Rg6 Rf2 45. Kb2 Ke5 46. Rg1 Bf5 47. Rc1 Kd4 48. b4 Kc4 49. b5 cxb5 50. a4 bxa4 51. Ka3 Bxc2 52. Re1 b5 53. Re8 b4+ 54. Kb2 Bg6+ 0-1


[Site "https://www.chess.com"]

[Event "Titled Tuesday Blitz June 20 Late 2023"]
[White "Volkov, Maksim"]
[Black "whiteglovethief"]
[WhiteFideId "54123070"]
[WhiteElo "2295"]
[BlackElo "2521"]
[Result "1-0"]
[Round "4"]
[TimeControl "180+2"]
[Date "2023.06.20"]
[WhiteClock "0:01:25"]
[BlackClock "0:00:13"]
[Board "60"]

1. d4 Nf6 2. c4 g6 3. g3 Bg7 4. Bg2 d6 5. Nc3 O-O 6. Nf3 Nbd7 7. O-O e5 8. e4 c6 9. h3 Qc7 10. Be3 Re8 11. Qc2 a6 12. Rad1 exd4 13. Nxd4 h5 14. Rfe1 h4 15. gxh4 Nh5 16. b3 Qd8 17. Nf3 Ne5 18. Ng5 f6 19. Nf3 f5 20. Bg5 Qc7 21. Nd4 f4 22. Nf3 Nxf3+ 23. Bxf3 Bxh3 24. Kh2 Qd7 25. Rg1 Kh8 26. c5 d5 27. exd5 Bf5 28. Qc1 cxd5 29. Nxd5 Qf7 30. Nb6 Rad8 31. Nc4 Rxd1 32. Qxd1 Qc7 33. Nd6 Re7 34. Bxh5 f3 35. Bxe7 Qxe7 36. Nxf5 gxf5 37. Kh3 1-0


[Site "https://www.chess.com"]

[Event "Titled Tuesday Blitz June 20 Late 2023"]
[White "Muradov, Soltan"]
[Black "Lizak, Peter"]
[WhiteFideId "14002108"]
[BlackFideId "731595"]
[WhiteElo "2163"]
[BlackElo "2420"]
[Result "1/2-1/2"]
[Round "4"]
[TimeControl "180+2"]
[Date "2023.06.20"]
[WhiteClock "0:00:09"]
[BlackClock "0:00:20"]
[Board "61"]

1. d4 Nf6 2. c4 c5 3. d5 g6 4. Nc3 Bg7 5. e4 d6 6. Nf3 O-O 7. Be2 Bg4 8. Nd2 Bxe2 9. Qxe2 Nbd7 10. O-O Ne8 11. Rb1 Nc7 12. Nd1 b5 13. b3 bxc4 14. Nxc4 Nb5 15. Bb2 Nd4 16. Bxd4 Bxd4 17. Kh1 a5 18. a4 Rb8 19. Nde3 Rb4 20. Nc2 Rb7 21. Nxd4 cxd4 22. Qd2 Nc5 23. Nxa5 Nxe4 24. Nxb7 Nxd2 25. Nxd8 Rxd8 26. Rfd1 Nxb1 27. Rxb1 e5 28. dxe6 fxe6 29. Kg1 e5 30. Kf1 Kf7 31. Ke1 Ke6 32. Kd2 e4 33. b4 Ra8 34. a5 Kd5 35. f3 exf3 36. gxf3 Kc4 37. h4 d5 38. Rb2 h6 39. f4 d3 40. Rb1 Kd4 41. Rc1 Re8 42. Re1 Rc8 43. Rc1 Re8 44. Re1 Rc8 45. Rc1 Re8 1/2-1/2


[Site "https://www.chess.com"]

[Event "Titled Tuesday Blitz June 20 Late 2023"]
[White "Kochiev, Ivan"]
[Black "Haydon, David L"]
[WhiteFideId "2917890"]
[BlackFideId "415405"]
[WhiteElo "2287"]
[BlackElo "2326"]
[Result "1/2-1/2"]
[Round "4"]
[TimeControl "180+2"]
[Date "2023.06.20"]
[WhiteClock "0:00:03"]
[BlackClock "0:00:09"]
[Board "62"]

1. e4 c6 2. d4 d5 3. Nc3 dxe4 4. Nxe4 Bf5 5. Ng3 Bg6 6. Nf3 Nd7 7. h4 h6 8. h5 Bh7 9. Bd3 Bxd3 10. Qxd3 e6 11. Bd2 Ngf6 12. O-O-O Bd6 13. Ne4 Nxe4 14. Qxe4 Nf6 15. Qe2 Qc7 16. Kb1 O-O-O 17. c4 c5 18. Bc3 Rhe8 19. Ne5 Kb8 20. g4 Bxe5 21. dxe5 Nd7 22. f4 Nb6 23. b3 Qc6 24. g5 Nc8 25. Rhg1 Ne7 26. Rd6 Rxd6 27. exd6 Nf5 28. Bxg7 Nxg7 29. gxh6 Nxh5 30. h7 Nf6 31. d7 Nxd7 32. Rg8 Qh1+ 33. Kb2 Qxh7 34. Rxe8+ Kc7 35. Qd2 Qg7+ 36. Ka3 Qd4 37. Qa5+ Kd6 38. Qxa7 Qd2 39. Qxb7 Qa5+ 40. Kb2 Qb5 41. Qxb5 1/2-1/2


[Site "https://www.chess.com"]

[Event "Titled Tuesday Blitz June 20 Late 2023"]
[White "Danielyan, Vahe"]
[Black "Tifferet, Shaked"]
[WhiteFideId "13304828"]
[BlackFideId "2811529"]
[WhiteElo "2423"]
[BlackElo "2142"]
[Result "1-0"]
[Round "4"]
[TimeControl "180+2"]
[Date "2023.06.20"]
[WhiteClock "0:02:04"]
[BlackClock "0:00:01"]
[Board "63"]

1. e4 c5 2. b4 b6 3. bxc5 bxc5 4. Nc3 Bb7 5. Nf3 g6 6. Bc4 Bg7 7. O-O e6 8. Nb5 d5 9. e5 Bc6 10. Nd6+ Kf8 11. Bb5 Ne7 12. Ba3 Bxb5 13. Nxb5 Nd7 14. Nd6 Nxe5 15. Bxc5 Qc7 16. Ba3 Rd8 17. d4 Nxf3+ 18. Qxf3 Rxd6 19. Bxd6 Qxd6 20. c3 Nf5 21. Rab1 Bf6 22. g4 Bxd4 23. cxd4 Nxd4 24. Qf6 Ne2+ 25. Kh1 Rg8 26. Rb7 d4 27. Qxf7# 1-0


[Site "https://www.chess.com"]

[Event "Titled Tuesday Blitz June 20 Late 2023"]
[White "Papayan, Oleg"]
[Black "Bolourchifard, Farzad"]
[WhiteFideId "4193911"]
[BlackFideId "12510084"]
[WhiteElo "2167"]
[BlackElo "2317"]
[Result "0-1"]
[Round "4"]
[TimeControl "180+2"]
[Date "2023.06.20"]
[WhiteClock "0:00:01"]
[BlackClock "0:00:23"]
[Board "64"]

1. e4 e5 2. Nf3 Nc6 3. Bb5 a6 4. Bxc6 dxc6 5. O-O f6 6. d4 exd4 7. Nxd4 c5 8. Nb3 Qxd1 9. Rxd1 Bd7 10. Bf4 O-O-O 11. Nc3 Bc6 12. Nd5 Bd6 13. Bxd6 cxd6 14. Na5 Bxd5 15. Rxd5 Ne7 16. Rd3 Kc7 17. Rad1 Rd7 18. Nc4 Rhd8 19. Ne3 b5 20. c4 Nc6 21. Nd5+ Kb7 22. cxb5 axb5 23. Rb3 Nd4 24. Rh3 Ra8 25. Rxh7 Rxa2 26. Nxf6 Rf7 27. Ne8 Kc6 28. Rxg7 Rf8 29. Nc7 Rxb2 30. Nd5 b4 31. h4 Rbxf2 32. h5 Ne2+ 33. Kh2 Rh8 34. Ne7+ Kb5 35. Rg5 Rf4 36. Nf5 Rf8 37. Nxd6+ Kc6 38. Nf5 R8xf5 39. Rxf5 Rh4# 0-1


[Site "https://www.chess.com"]

[Event "Titled Tuesday Blitz June 20 Late 2023"]
[White "Araujo Sanchez, Josue"]
[Black "Sun, Rick"]
[WhiteFideId "6416896"]
[BlackFideId "30909481"]
[WhiteElo "2417"]
[BlackElo "2169"]
[Result "0-1"]
[Round "4"]
[TimeControl "180+2"]
[Date "2023.06.20"]
[WhiteClock "0:00:38"]
[BlackClock "0:00:03"]
[Board "65"]

1. Nf3 d6 2. c4 Nf6 3. Nc3 g6 4. g3 Bg7 5. Bg2 O-O 6. O-O Nc6 7. d4 a6 8. h3 Rb8 9. a4 a5 10. e4 e5 11. Be3 Re8 12. Re1 Bd7 13. b3 Qe7 14. Rc1 Nb4 15. c5 exd4 16. cxd6 Qxd6 17. Bxd4 Qe7 18. Qd2 Rbd8 19. Nd5 Nfxd5 20. exd5 Qd6 21. Rxe8+ Rxe8 22. Bxg7 Kxg7 23. Qc3+ Kg8 24. Qxc7 Qxd5 25. h4 Bc6 26. Re1 Rxe1+ 27. Nxe1 Qe6 28. Nf3 Qxb3 29. Qxa5 Bxf3 30. Bxf3 Qxf3 31. Qxb4 h5 32. a5 Kg7 33. Qd4+ Kh7 34. Qb6 Qd5 35. Kh2 Qf3 36. Qd4 Qc6 37. Qf4 Kg7 38. Qe5+ Qf6 39. Qc5 Qa6 40. Qc3+ Qf6 41. Qb2 Qxb2 0-1


[Site "https://www.chess.com"]

[Event "Titled Tuesday Blitz June 20 Late 2023"]
[White "Czerw, Dawid"]
[Black "Rastbod, Ali"]
[WhiteFideId "1145746"]
[BlackFideId "12567477"]
[WhiteElo "2144"]
[BlackElo "2281"]
[Result "1-0"]
[Round "4"]
[TimeControl "180+2"]
[Date "2023.06.20"]
[WhiteClock "0:00:04"]
[BlackClock "0:00:00"]
[Board "66"]

1. e4 e6 2. d4 d5 3. Nc3 Nf6 4. Bg5 dxe4 5. Nxe4 Be7 6. Bxf6 gxf6 7. Nf3 f5 8. Nc3 a6 9. g3 b5 10. Bg2 Bb7 11. O-O O-O 12. Ne2 c5 13. Nf4 cxd4 14. Nxd4 Bxg2 15. Kxg2 Bf6 16. Qf3 Ra7 17. Rad1 Bxd4 18. c3 Rd7 19. cxd4 Rxd4 20. Nh5 Rxd1 21. Rxd1 Qg5 22. h4 Qg6 23. Rd6 h6 24. Qd1 Kh7 25. Rb6 f4 26. Nxf4 Qe4+ 27. Qf3 Qxf3+ 28. Kxf3 Rc8 29. Nd3 Kg7 30. Ne5 h5 31. Ke4 a5 32. f4 b4 33. Rb7 Na6 34. Rxf7+ Kg8 35. Ra7 Nc5+ 36. Ke3 Na4 37. b3 Nb6 38. Rxa5 Nd5+ 39. Kd4 Rc1 40. Ra6 Rd1+ 41. Kc5 Nc7 42. Ra7 Ne8 43. Re7 Ng7 44. Nc6 Kf8 45. Rc7 Nf5 46. Nxb4 Nxg3 47. Kb6 Nf5 48. a4 Nxh4 49. a5 Ra1 50. a6 Ng6 51. a7 h4 52. Na6 1-0


[Site "https://www.chess.com"]

[Event "Titled Tuesday Blitz June 20 Late 2023"]
[White "Martins, Bruno Andre Leite"]
[Black "Urbina Perez, Juan Antonio"]
[WhiteFideId "1942255"]
[BlackFideId "2217368"]
[WhiteElo "2241"]
[BlackElo "2197"]
[Result "0-1"]
[Round "4"]
[TimeControl "180+2"]
[Date "2023.06.20"]
[WhiteClock "0:00:01"]
[BlackClock "0:00:16"]
[Board "67"]

1. e4 e5 2. Nf3 Nf6 3. Nxe5 d6 4. Nf3 Nxe4 5. d3 Nf6 6. d4 d5 7. Bd3 Bd6 8. O-O O-O 9. Bg5 Bg4 10. h3 Bh5 11. g4 Bg6 12. Ne5 Nbd7 13. f4 Bxd3 14. Qxd3 c6 15. Nxd7 Qxd7 16. Bxf6 gxf6 17. Nd2 Rae8 18. Qf3 Re7 19. Rfe1 Rfe8 20. Rxe7 Qxe7 21. Kf2 Qc7 22. g5 fxg5 23. fxg5 Qb6 24. Nb3 a5 25. Qc3 Bb4 26. Qd3 Re4 27. c3 Rf4+ 28. Ke3 Re4+ 29. Kd2 a4 30. Nc1 Be7 31. Kc2 Qc7 32. Qd2 Qg3 33. Nd3 Bxg5 34. Qd1 Qg2+ 35. Kb1 Qxh3 36. a3 Re3 37. Nc5 b6 38. Nxa4 Rd3 39. Qc2 Rd2 40. Qb3 b5 41. Nc5 Qf5+ 42. Ka2 h5 43. Rh1 h4 44. a4 bxa4 45. Qb8+ Kg7 46. Qh2 Rxh2 0-1


[Site "https://www.chess.com"]

[Event "Titled Tuesday Blitz June 20 Late 2023"]
[White "Ai, Evan"]
[Black "Leon Oquendo, Jorge"]
[WhiteFideId "2094770"]
[BlackFideId "3514803"]
[WhiteElo "1963"]
[BlackElo "2276"]
[Result "0-1"]
[Round "4"]
[TimeControl "180+2"]
[Date "2023.06.20"]
[WhiteClock "0:01:01"]
[BlackClock "0:00:48"]
[Board "68"]

1. e4 c5 2. Nf3 Nc6 3. d4 cxd4 4. Nxd4 Nf6 5. Nc3 d6 6. Bg5 Bd7 7. Be2 Rc8 8. Qd2 Nxd4 9. Qxd4 Qa5 10. f4 e5 11. Qd3 Be7 12. fxe5 dxe5 13. O-O-O Rxc3 14. Qxc3 Qxc3 15. bxc3 Nxe4 16. Bxe7 Kxe7 17. Bf3 Nf2 18. Rhe1 Nxd1 19. Kxd1 f6 20. Bxb7 Rb8 21. Bd5 Rb1+ 22. Kd2 Rxe1 23. Kxe1 Kd6 24. Bg8 h6 25. Kd2 g5 26. Kd3 f5 27. c4 Kc5 28. Bd5 a5 29. Kc3 Bc6 30. Be6 f4 31. g3 e4 32. gxf4 gxf4 33. Bg4 Be8 34. Bf5 e3 35. Bg4 Bg6 36. Bf3 Bf5 37. a3 a4 38. h4 Bg6 39. Bg2 Bf7 40. Bf1 f3 41. Kd3 Bxc4+ 42. Kxe3 Bxf1 43. Kxf3 Kc4 0-1


[Site "https://www.chess.com"]

[Event "Titled Tuesday Blitz June 20 Late 2023"]
[White "Rangel, Daniel"]
[Black "Katz, Alexander"]
[WhiteFideId "2124475"]
[BlackFideId "2039796"]
[WhiteElo "2231"]
[BlackElo "2389"]
[Result "1/2-1/2"]
[Round "4"]
[TimeControl "180+2"]
[Date "2023.06.20"]
[WhiteClock "0:00:19"]
[BlackClock "0:00:12"]
[Board "69"]

1. c4 e5 2. g3 Nc6 3. Bg2 g6 4. Nc3 Bg7 5. e3 d6 6. Nge2 Be6 7. Nd5 Nge7 8. Rb1 a5 9. a3 O-O 10. h4 h5 11. Nec3 Qd7 12. d3 f5 13. O-O Rf7 14. b4 axb4 15. axb4 Raf8 16. b5 Nd8 17. b6 c6 18. Nc7 f4 19. Nxe6 Nxe6 20. Ne4 d5 21. cxd5 cxd5 22. Nc3 fxg3 23. fxg3 Rxf1+ 24. Bxf1 d4 25. Ne4 Nf5 26. Bh3 dxe3 27. Qb3 Kh8 28. Bxe3 Nxe3 29. Bxe6 Qd4 30. Qc3 Qxc3 31. Nxc3 e4 32. Nxe4 Bd4 33. Kh2 Kg7 34. Rc1 Bxb6 35. Rb1 Bd4 36. Rxb7+ Kh6 37. Ng5 Rf2+ 38. Kh3 Bg7 39. Nf7+ Kh7 40. Ng5+ Kh6 41. Bg8 Ng4 42. Nf7+ Rxf7 43. Rxf7 Ne5 44. Rb7 Nxd3 45. Bd5 Nf2+ 46. Kg2 Ng4 47. Be4 Bf6 48. Rb6 Kg7 49. Rb7+ Kh6 50. Rf7 Be5 51. Bf3 Ne3+ 52. Kh3 Nf5 53. Ra7 Nxg3 54. Ra6 Kg7 55. Ra7+ Kf6 56. Ra6+ Kg7 57. Ra7+ Kf6 58. Ra6+ Kg7 1/2-1/2


[Site "https://www.chess.com"]

[Event "Titled Tuesday Blitz June 20 Late 2023"]
[White "Fiedorek, Michal"]
[Black "Martinez Ramirez, Lennis"]
[WhiteFideId "1199528"]
[BlackFideId "3509079"]
[WhiteElo "2135"]
[BlackElo "2410"]
[Result "0-1"]
[Round "4"]
[TimeControl "180+2"]
[Date "2023.06.20"]
[WhiteClock "0:00:03"]
[BlackClock "0:00:13"]
[Board "70"]

1. e4 c6 2. d4 d5 3. exd5 cxd5 4. Nf3 Nc6 5. Ne5 Bd7 6. Nxd7 Qxd7 7. c3 Nf6 8. Bd3 e6 9. O-O Bd6 10. Nd2 Qc7 11. Nf3 O-O-O 12. b4 Kb8 13. a4 h6 14. a5 g5 15. b5 Nxa5 16. Ne5 Bxe5 17. dxe5 Ne4 18. Qa4 Nc5 19. Qc2 Nxd3 20. Qxd3 Nc4 21. Be3 b6 22. Ra6 Nxe5 23. Qd4 Nc4 24. Rfa1 e5 25. Qd3 Rd7 26. Qf5 Rhd8 27. h4 Nxe3 28. fxe3 Qxc3 29. Qf6 Qxe3+ 30. Kh1 Rc8 31. Qxh6 Rc1+ 32. Rxc1 Qxc1+ 33. Kh2 Qf4+ 34. Kg1 Rc7 35. Qd6 Qd4+ 36. Kf1 gxh4 37. Qd8+ Rc8 38. Qd6+ Ka8 39. Qa3 Qc4+ 40. Kf2 Qc2+ 41. Kf3 Rc3+ 0-1


[Site "https://www.chess.com"]

[Event "Titled Tuesday Blitz June 20 Late 2023"]
[White "Quiroga Jaquez, Angel Ivan"]
[Black "Korchmar, Vasiliy"]
[WhiteFideId "5117801"]
[BlackFideId "24131750"]
[WhiteElo "2011"]
[BlackElo "2370"]
[Result "0-1"]
[Round "4"]
[TimeControl "180+2"]
[Date "2023.06.20"]
[WhiteClock "0:00:14"]
[BlackClock "0:00:08"]
[Board "71"]

1. d4 d5 2. c4 c6 3. cxd5 cxd5 4. Nf3 Nf6 5. Bf4 Nc6 6. Nc3 Nh5 7. Be5 f6 8. Bg3 e5 9. e3 e4 10. Nd2 Nxg3 11. hxg3 Be6 12. Qb3 Qd7 13. Rc1 Rc8 14. a3 Bd6 15. Ndxe4 dxe4 16. d5 Bf7 17. dxc6 Qxc6 18. Qd1 O-O 19. Bb5 Qb6 20. Qg4 Rxc3 21. Rxc3 Qxb5 22. Qxe4 g6 23. Qh4 h5 24. g4 g5 25. Qh3 h4 26. Qf3 Qxb2 27. e4 Qa1+ 28. Ke2 Qxh1 29. Qxf6 Bf4 30. Qd4 Qxg2 31. Rc5 Qxg4+ 32. Kf1 Qh3+ 33. Ke2 Qg4+ 34. Kf1 h3 35. e5 h2 36. Qe4 Qg1+ 37. Ke2 h1=Q 0-1


[Site "https://www.chess.com"]

[Event "Titled Tuesday Blitz June 20 Late 2023"]
[White "Sokolov, Andrei"]
[Black "Amburgy, Ryan"]
[WhiteFideId "11600306"]
[BlackFideId "30924820"]
[WhiteElo "2473"]
[BlackElo "2134"]
[Result "0-1"]
[Round "4"]
[TimeControl "180+2"]
[Date "2023.06.20"]
[WhiteClock "0:00:00"]
[BlackClock "0:00:21"]
[Board "72"]

1. d4 Nf6 2. c4 e6 3. g3 d5 4. Nf3 dxc4 5. Bg2 a6 6. Qc2 b5 7. a4 Bb7 8. O-O Be7 9. Bf4 O-O 10. b3 cxb3 11. Qxb3 Bd5 12. Qc2 c6 13. Nbd2 c5 14. dxc5 Qc8 15. Rfc1 Nbd7 16. c6 Nc5 17. axb5 axb5 18. Rxa8 Qxa8 19. c7 b4 20. Nc4 b3 21. Qb2 Qa2 22. Ra1 Bxc4 23. Rxa2 bxa2 24. Nd4 Nd5 25. Nc2 Bf6 0-1


[Site "https://www.chess.com"]

[Event "Titled Tuesday Blitz June 20 Late 2023"]
[White "Luo, Terry"]
[Black "Spata, German"]
[WhiteFideId "30931045"]
[BlackFideId "113026"]
[WhiteElo "2265"]
[BlackElo "2260"]
[Result "0-1"]
[Round "4"]
[TimeControl "180+2"]
[Date "2023.06.20"]
[WhiteClock "0:00:07"]
[BlackClock "0:00:08"]
[Board "73"]

1. d4 d5 2. c4 dxc4 3. e4 Nf6 4. e5 Nd5 5. Bxc4 c6 6. Nc3 Be6 7. Qb3 Qd7 8. Nf3 b5 9. Bxd5 Bxd5 10. Nxd5 cxd5 11. Bd2 e6 12. O-O Nc6 13. a4 bxa4 14. Qxa4 Be7 15. Rfc1 Rc8 16. b4 O-O 17. b5 Nb8 18. Qxa7 Rxc1+ 19. Bxc1 Rc8 20. Bd2 Kf8 21. Qxd7 Nxd7 22. Kf1 Rb8 23. Rb1 Nb6 24. Ke2 Nc4 25. Bb4 Bxb4 26. Rxb4 Na3 27. Rb3 Nxb5 28. Ke3 Ke7 29. g4 Rb7 30. Nd2 Kd7 31. Rb1 Kc8 32. h4 Na3 33. Rc1+ Kd7 34. Rc3 Nb1 35. Nxb1 Rxb1 36. Ra3 Rb7 37. Kf4 h6 38. f3 Ke7 39. Rd3 g6 40. Kg3 Kf8 41. h5 gxh5 42. gxh5 Rb1 43. Kg4 Rg1+ 44. Kf4 Rg5 45. Ra3 Rxh5 46. Kg4 Rg5+ 47. Kf4 Rf5+ 48. Kg4 Rg5+ 49. Kf4 Rg1 50. Ra2 Kg7 51. Rh2 Rd1 52. Ke3 Re1+ 53. Kf2 Rd1 54. Ke3 Ra1 55. Rg2+ Kf8 56. Rh2 Ra3+ 57. Kf4 Rd3 58. Rxh6 Rxd4+ 59. Kg5 Ke7 60. f4 Rd1 61. Kg4 Rf1 62. Rh8 Rg1+ 63. Kf3 Rf1+ 64. Ke3 Ra1 65. Rb8 Ra3+ 66. Kf2 Ra4 67. Kf3 Ra3+ 68. Kf2 Ra7 69. Kf3 Rd7 70. Kf2 Rd8 71. Rb7+ Kf8 72. Kf3 Kg7 73. Kg4 Kg6 74. Ra7 d4 75. Kf3 d3 76. Ra1 d2 77. Rd1 Kf5 78. Ke3 Rd5 79. Kf3 Rd3+ 80. Ke2 Ke4 0-1


[Site "https://www.chess.com"]

[Event "Titled Tuesday Blitz June 20 Late 2023"]
[White "Olsson, William"]
[Black "Arabidze, Meri"]
[WhiteFideId "1741721"]
[BlackFideId "13604040"]
[WhiteElo "2197"]
[BlackElo "2405"]
[Result "1-0"]
[Round "4"]
[TimeControl "180+2"]
[Date "2023.06.20"]
[WhiteClock "0:00:18"]
[BlackClock "0:00:00"]
[Board "74"]

1. c4 e5 2. g3 Nc6 3. Bg2 g6 4. Nc3 Bg7 5. Rb1 d6 6. b4 Nf6 7. b5 Ne7 8. Nf3 O-O 9. O-O a6 10. b6 cxb6 11. d3 Bd7 12. Be3 Bc6 13. Bxb6 Qd7 14. a4 Nf5 15. e4 Ne7 16. a5 Nh5 17. Nd5 f5 18. Ng5 h6 19. Nf3 f4 20. d4 Rf7 21. Nh4 Kh7 22. Rb4 Raf8 23. Nxe7 Qxe7 24. Qg4 Qg5 25. Qxg5 hxg5 26. Nf3 Bh6 27. g4 Nf6 28. d5 Be8 29. c5 Bb5 30. Rc1 Nxg4 31. cxd6 Rd7 32. Rc7 Rff7 33. h3 Nf6 34. Nxe5 Rxc7 35. dxc7 Rf8 36. d6 Nd7 37. Rxb5 1-0


[Site "https://www.chess.com"]

[Event "Titled Tuesday Blitz June 20 Late 2023"]
[White "Martic, Ivan"]
[Black "Bogaudinov, Rushan"]
[WhiteFideId "929301"]
[BlackFideId "4129288"]
[WhiteElo "2346"]
[BlackElo "1967"]
[Result "1-0"]
[Round "4"]
[TimeControl "180+2"]
[Date "2023.06.20"]
[WhiteClock "0:00:06"]
[BlackClock "0:00:00"]
[Board "75"]

1. d4 d5 2. c4 e6 3. Nc3 Nf6 4. cxd5 exd5 5. Bg5 c6 6. e3 Nbd7 7. Bd3 Be7 8. Qc2 h6 9. Bh4 O-O 10. Nf3 Re8 11. O-O Ne4 12. Bxe7 Qxe7 13. Rab1 Ng5 14. Nd2 h5 15. Rbe1 Nf6 16. f4 Ne6 17. Nf3 c5 18. f5 Nf8 19. Ne5 N8d7 20. e4 cxd4 21. Nxd7 Bxd7 22. Nxd5 Nxd5 23. exd5 Qb4 24. Rxe8+ Rxe8 25. f6 gxf6 26. Qf2 Qd6 27. Qxd4 Qe5 28. Qxe5 fxe5 29. Rc1 e4 30. Be2 Bg4 31. Kf2 Rd8 32. Bc4 Kf8 33. Ke3 Bf5 34. Kd4 Ke7 35. Bb3 Kd6 36. Rf1 Bg6 37. Rf6+ Ke7 38. Ke5 Kf8 39. d6 e3 40. Rf1 e2 41. Re1 Bd3 42. Kd4 Rxd6+ 43. Ke3 Ba6 44. a4 Kg7 45. Bc2 Re6+ 46. Kd2 Rd6+ 47. Ke3 Re6+ 48. Kd2 Rf6 49. b4 Bc4 50. Kc3 Rf1 51. Kd2 Rxe1 52. Kxe1 Kf6 53. Be4 b6 54. h4 Ke5 55. Bf3 Kf4 56. Bxh5 f6 57. Bxe2 Bd5 58. Kf2 Bc6 59. a5 bxa5 60. bxa5 Be8 61. g3+ Kf5 62. Ke3 Ke5 63. Bd3 Bh5 64. Be4 Bg4 65. Bf3 Bf5 66. g4 Bg6 67. h5 Bh7 68. Be2 f5 69. g5 f4+ 70. Kf2 Be4 71. Bg4 1-0


[Site "https://www.chess.com"]

[Event "Titled Tuesday Blitz June 20 Late 2023"]
[White "Ganiev, Roman"]
[Black "Figorito, Nick"]
[WhiteFideId "4131452"]
[BlackFideId "30923689"]
[WhiteElo "2653"]
[BlackElo "2390"]
[Result "1-0"]
[Round "4"]
[TimeControl "180+2"]
[Date "2023.06.20"]
[WhiteClock "0:00:53"]
[BlackClock "0:00:42"]
[Board "76"]

1. e4 e6 2. d4 d5 3. Nc3 Bb4 4. e5 c5 5. a3 Bxc3+ 6. bxc3 Ne7 7. Qg4 Kf8 8. h4 Qa5 9. Bd2 Qa4 10. Rc1 Nbc6 11. Nf3 b6 12. h5 h6 13. Qf4 Ba6 14. Bxa6 Qxa6 15. g4 Na5 16. Nh4 Kg8 17. g5 Nc4 18. Rg1 Nxd2 19. gxh6 Rh7 20. Kxd2 cxd4 21. Qf6 dxc3+ 22. Ke1 Qxa3 23. Rxg7+ Kf8 24. Qxf7# 1-0


[Site "https://www.chess.com"]

[Event "Titled Tuesday Blitz June 20 Late 2023"]
[White "Mikhalsky, Vladimir"]
[Black "Ashraf, Artin"]
[WhiteFideId "14144352"]
[BlackFideId "22514805"]
[WhiteElo "2236"]
[BlackElo "2224"]
[Result "0-1"]
[Round "4"]
[TimeControl "180+2"]
[Date "2023.06.20"]
[WhiteClock "0:00:00"]
[BlackClock "0:00:07"]
[Board "77"]

1. d4 d5 2. g3 c5 3. Bg2 cxd4 4. Nf3 Nf6 5. O-O g6 6. Nxd4 Bg7 7. c4 O-O 8. cxd5 Nxd5 9. Nb5 a6 10. Qxd5 Qxd5 11. Bxd5 axb5 12. Nc3 b4 13. Ne4 Rd8 14. Bb3 Nc6 15. Ng5 e6 16. Rd1 Rxd1+ 17. Bxd1 b6 18. e3 Bb7 19. a4 Ne5 20. f4 Nd3 21. Rb1 h6 22. Bf3 Bxf3 23. Nxf3 Rc8 24. Bd2 b3 25. Bc3 Bxc3 26. bxc3 Rxc3 27. Ne5 Nxe5 28. fxe5 Rxe3 29. Kf2 Rxe5 30. Rxb3 Re4 31. Rxb6 Rxa4 32. h4 Ra2+ 33. Kf3 Kg7 34. Kf4 Rf2+ 35. Ke3 Rf6 36. Rb5 Rf5 37. Rb7 g5 38. h5 g4 39. Rb4 Rf3+ 40. Ke2 Rxg3 41. Kf2 Rf3+ 42. Kg2 f5 43. Rb6 Kf6 44. Rb8 Rh3 45. Rf8+ Ke5 46. Ra8 Rxh5 47. Ra5+ Kf6 48. Ra4 Rh3 49. Ra8 h5 50. Rf8+ Ke5 51. Rh8 Kf4 52. Re8 e5 53. Ra8 h4 54. Ra4+ e4 55. Kf2 Rh2+ 56. Kg1 g3 57. Ra5 h3 58. Ra1 Rf2 0-1


[Site "https://www.chess.com"]